 Dungeon Crawl Stone Soup version 0.24-a0-512-g2b48af375b (webtiles) character file.

Game seed: 4306712689391295446

379 Froggeryz the Conjurer (level 6, 0/36 HPs)
             Began as a Deep Elf Conjurer on July 20, 2019.
             Slain by a killer bee zombie (3 damage)
             ... on level 5 of the Dungeon.
             The game lasted 00:07:31 (3667 turns).

Froggeryz the Conjurer (Deep Elf Conjurer)          Turns: 3667, Time: 00:07:32

Health: 0/36       AC:  2    Str: 11    XL:     6   Next: 45%
Magic:  15/15      EV: 17    Int: 21    God:
Gold:   192        SH:  6    Dex: 20    Spells: 12/15 levels left

rFire    . . .     SeeInvis .   f - +1 hand axe (freeze)
rCold    . . .     Gourm    .   r - +2 buckler
rNeg     . . .     Faith    .   a - +0 robe
rPois    .         Spirit   .   (no helmet)
rElec    +         Reflect  .   (no cloak)
rCorr    .         Harm     .   (no gloves)
MR       .....     Clarity  +   (no boots)
Stlth    +++.......             (no amulet)
HPRegen  0.12/turn              (no ring)
MPRegen  0.14/turn              (no ring)

@: mighty, agile, flying
A: clarity, electricity resistance
a: no special abilities


You were on level 5 of the Dungeon.
You were hungry.

You visited 1 branch of the dungeon, and saw 5 of its levels.

You collected 192 gold pieces.

Inventory:

Hand Weapons
 f - a +1 hand axe of freezing (weapon)
Armour
 a - a +0 robe (worn)
 r - a +2 buckler (worn)
Jewellery
 b - an uncursed ring of protection from cold
Wands
 q - a wand of disintegration (12)
Scrolls
 e - a scroll of teleportation {unknown}
 h - 3 scrolls of random uselessness {unknown}
 i - a scroll of fear
 j - a scroll of blinking {unknown}
 k - a scroll of amnesia {unknown}
 m - 4 scrolls of remove curse {unknown}
 n - 2 scrolls of identify {unknown}
Potions
 g - a potion of mutation
Comestibles
 c - 10 rations


   Skills:
 - Level 2.4 Fighting
 - Level 2.4 Dodging
 - Level 2.4 Stealth
 * Level 0.0 Shields
 + Level 5.2 Spellcasting
 * Level 6.8 Conjurations


You had 12 spell levels left.
You knew the following spells:

 Your Spells              Type           Power        Failure   Level  Hunger
a - Magic Dart            Conj           ####         1%          1    None
b - Searing Ray           Conj           ####..       1%          2    None

Your spell library contained the following spells:

 Spells                   Type           Power        Failure   Level  Hunger
 Iskenderun's Mystic Bla  Conj           ####....     11%         4    ####...
 Dazzling Spray           Conj/Hex       ###...       13%         3    ##.....
 Force Lance              Conj/Tloc      ###.....     41%         4    ####...
 Fulminant Prism          Conj/Hex       ###.......   41%         4    ####...


Dungeon Overview and Level Annotations

Branches:
Dungeon (5/15)
 Temple: D:4-7

Altars:
Trog


Innate Abilities, Weirdness & Mutations

You possess an exceptional clarity of mind.
You are resistant to electric shocks. (rElec)


Message History

The killer bee zombie closely misses you.
It was a potion of agility.
You feel agile all of a sudden. The killer bee zombie hits you.
* * * LOW HITPOINT WARNING * * *
You block the killer bee zombie's attack.
It was a potion of might.
You feel very mighty all of a sudden.
The killer bee zombie completely misses you. x2
As you read the scroll labeled QOUWNA AMUESOC, it crumbles to dust.
You assume a fearsome visage.
The jackal looks frightened!
The killer bee zombie is unaffected.
It was a scroll of fear.
You block the killer bee zombie's attack.
The killer bee zombie closely misses you.
Okay, then.
Okay, then.
As you read the scroll labeled KEPUMOHEVO, it crumbles to dust.
The creatures around you are filled with an inner flame!
It was a scroll of immolation.
The killer bee zombie hits you.
You die...

.. ./.. ###
#.?.# #..
.....##.#
......#.####
....(......#
......#.#..#
...h..Z@.<.#
....###.......#
# ####.#### ...
....# .##.# .#
.# .# #


You could see a killer bee zombie (inner flame) and a jackal (inner flame).

Vanquished Creatures
  A phantom (D:4)
  A scorpion (D:4)
  A hound (D:2)
  A gnoll shaman (D:4)
  An iguana (D:4)
  4 gnolls (D:4)
  2 adders
  3 worms
  4 leopard geckos
  3 orcs (D:3)
  5 giant cockroaches
  9 goblins
  3 hobgoblins
  21 jackals
  9 bats
  5 frilled lizards
  6 kobolds
  A leopard gecko skeleton (D:4)
  A quokka skeleton (D:4)
  8 rats
89 creatures vanquished.

Notes
Turn   | Place    | Note
-------+----------+-------------------------------------------
     0 | D:1      | Froggeryz the Deep Elf Conjurer began the quest for the
                  | Orb.
     0 | D:1      | Reached XP level 1. HP: 10/10 MP: 6/6
   157 | D:1      | Reached XP level 2. HP: 12/16 MP: 0/8
   479 | D:2      | Learned a level 2 spell: Searing Ray
   495 | D:1      | Reached skill level 5 in Conjurations
   500 | D:1      | Reached XP level 3. HP: 9/20 MP: 1/10
   746 | D:1      | Reached skill level 1 in Fighting
  1386 | D:2      | Reached XP level 4. HP: 22/25 MP: 5/11
  1823 | D:3      | Found a bloodstained altar of Trog.
  2418 | D:4      | Noticed a phantom
  2466 | D:4      | Killed a phantom
  2466 | D:4      | Reached skill level 6 in Conjurations
  2466 | D:4      | Reached XP level 5. HP: 18/30 MP: 1/13
  2870 | D:4      | Reached XP level 6. HP: 35/35 MP: 11/15
  2933 | D:4      | Reached skill level 5 in Spellcasting
  3651 | D:5      | Entered Level 5 of the Dungeon
  3662 | D:5      | Gained mutation: You are resistant to electric shocks.
                  | (rElec) [potion of mutation]
  3662 | D:5      | Gained mutation: You possess an exceptional clarity of
                  | mind. [potion of mutation]
  3667 | D:5      | Slain by a killer bee zombie

Levels and vault maps discovered:
D:1:      nagdon_arrival_double_spiral, layout_rooms
D:2:      minmay_evil_eye, layout_basic
D:3:      layout_loops_ring, nicolae_overflow_crystal_walls
D:4:      layout_basic, first_ration, solitary_fountain
D:5:      layout_loops_cross, minmay_temple_entry_trees, uniq_blork_the_orc,
          uniq_duvessa

Skill      XL: |  1  2  3  4  5  6 |
---------------+-------------------+-----
Conjurations   | 5 6 |  6.8
Fighting       | 1 2 |  2.4
Spellcasting   | 4 5 |  5.2
Dodging        | |  2.4
Stealth        | |  2.4

Action                   |  1- 3 |  4- 6 || total
-------------------------+-------+-------++-------
Melee: Unarmed           |     4 |       ||     4
       Short sword       |    10 |       ||    10
       Hand axe          |    53 |    89 ||   142
 Cast: Magic Dart        |    37 |    24 ||    61
       Searing Ray       |     4 |    10 ||    14
  Use: Scroll            |       |     3 ||     3
       Potion            |       |     4 ||     4
 Stab: Sleeping          |     3 |     5 ||     8
  Eat: Chunk             |     2 |     6 ||     8
Armor: Robe              |    16 |    24 ||    40
Dodge: Dodged            |    87 |    84 ||   171
Block: Buckler           |       |     6 ||     6

Table legend:
 A = Non-vault XP
 B = Vault XP
 C = Vault XP percentage of total XP
 D = Non-vault monster count
 E = Vault monster count
 F = Vault count percentage of total count
                 A         B        C        D         E       F
            +---------+---------+-------+---------+---------+-------
      Total |     539 |       3 |   0.6 |      87 |       2 |   2.2
            +---------+---------+-------+---------+---------+-------
        D:1 |      40 |       0 |   0.0 |      25 |       0 |   0.0
        D:2 |     109 |       3 |   2.7 |      26 |       2 |   7.1
        D:3 |      28 |       0 |   0.0 |      15 |       0 |   0.0
        D:4 |     362 |       0 |   0.0 |      21 |       0 |   0.0
            +---------+---------+-------+---------+---------+-------
